Map: Frost LE

Players

ByuNjwa - Winner!

  • Race: Terran Terran
  • League: Master

A.I. 1 (Very Easy)

  • Race: Zerg Zerg

VOD

Have the link to the VOD?

Description

Time

  • Played on: Oct. 16, 2016, 9:26 a.m.
  • Length: 7:11
Show
View Real Time Build Order
Export as new Build Order

ByuNjwa Terran - Winner!

Build Orders: Reaper Expand, MMM Bio 

Get SALT Encoding   

  12  0:01  SCV  
  13  0:13  SCV  
  14  0:17  Supply Depot  
  14  0:25  SCV  
  15  0:39  SCV  
  15  0:40  Barracks  
  16  0:44  Refinery  
  16  0:51  SCV  
  17  1:03  SCV  
  18  1:15  SCV  
  19  1:27  Reaper  
  19  1:28  Orbital Command  
  20  1:42  Command Center  
  20  1:53  Barracks  
  20  1:56  SCV  
  21  2:06  Barracks Reactor  
  21  2:08  SCV  
  22  2:15  Supply Depot  
  22  2:20  SCV  
  22  2:21  Refinery  
  23  2:36  Factory  
  23  2:37  SCV  
  23  2:40  Barracks Tech Lab  
  23  2:42  Marine x2  
  26  2:49  SCV  
  27  2:53  Orbital Command  
  27  2:59  Marine  
  27  3:01  SCV  
  27  3:02  Stimpack  
  29  3:05  Marine  
  29  3:06  Marine  
  31  3:13  SCV  
  31  3:17  Marine  
  31  3:19  SCV  
  34  3:25  Factory Reactor, Starport  
  34  3:30  SCV  
  34  3:32  SCV  
  36  3:34  Marine  
  36  3:35  Marine x2  
  39  3:41  Supply Depot  
  39  3:42  SCV  
  39  3:44  SCV  
  41  3:51  Supply Depot  
  41  3:52  Marine  
  41  3:54  SCV  
  43  3:56  SCV, Marine x2  
  46  4:04  Starport Reactor  
  46  4:06  Supply Depot, Hellion  
  48  4:10  Hellion  
  48  4:12  SCV  
  48  4:13  SCV  
  48  4:16  Marine  
  53  4:18  Marine  
  53  4:20  Marine  
  55  4:24  SCV  
  55  4:27  Hellion  
  55  4:30  Supply Depot  
  58  4:31  SCV, Hellion  
  58  4:36  SCV  
  62  4:40  Medivac  
  62  4:41  Medivac  
  62  4:43  SCV  
  67  4:48  SCV, Marine x2, Armory  
  67  4:51  Marine  
  71  4:54  Hellion  
  71  4:57  Hellion  
  75  5:05  Marine, Combat Shields  
  75  5:06  SCV x2  
  78  5:10  Supply Depot  
  78  5:23  Command Center  
  78  5:26  Supply Depot  
  78  5:31  Marine  
  78  5:32  SCV x2  
  81  5:37  Marine  
  81  5:38  Marine, Hellion  
  85  5:43  Supply Depot  
  85  5:44  SCV  
  85  5:47  SCV  
  85  5:48  Hellion  
  89  5:54  Engineering Bay  
  89  5:56  SCV, Engineering Bay  
  90  5:59  SCV  
  90  6:00  Marine, Supply Depot  
  90  6:01  Medivac  
  94  6:05  Medivac  
  94  6:07  Supply Depot  
  94  6:08  SCV  
  97  6:14  Barracks  
  97  6:18  Barracks  
  97  6:19  Barracks, SCV  
  97  6:23  Concussive Shells  
  98  6:30  SCV  
  99  6:32  Refinery  
  99  6:33  SCV  
  99  6:34  Refinery  
  100  6:40  Marine  
  100  6:41  Marine x2  
  103  6:50  Hellion x2  
  103  6:52  Supply Depot  
  103  6:53  Supply Depot  
  110  7:08  Barracks Reactor x2  
Show
View Real Time Build Order
Export as new Build Order

A.I. 1 (Very Easy) Zerg 

Build Orders: Hatch First 

Get SALT Encoding   

  12  0:01  Drone  
  13  0:12  Overlord  
  13  0:17  Drone  
  14  0:43  Hatchery  
  14  0:46  Drone  
  14  1:05  Spawning Pool  
  14  1:06  Extractor  
  14  1:09  Drone  
  13  1:16  Drone  
  14  1:22  Overlord  
  14  1:52  Zergling x2  
  15  1:54  Queen  
  15  1:55  Zergling x2  
  18  2:05  Roach Warren  
  18  2:08  Drone  
  18  2:13  Extractor  
  17  2:15  Drone  
  17  2:20  Zergling x2  
  19  2:25  Drone  
  20  2:32  Drone  
  21  2:39  Drone  
  22  2:46  Drone  
  23  2:54  Drone  
  24  2:59  Lair  
  24  3:04  Drone  
  25  3:31  Drone  
  26  3:38  Drone  
  27  3:45  Drone  
  27  3:46  Overlord  
  28  3:52  Drone  
  29  4:00  Drone  
  29  4:01  Spire  
  29  4:07  Drone  
  30  4:11  Overseer  
  30  4:14  Drone  
  31  4:17  Overseer  
  31  4:21  Drone  
  32  4:28  Drone  
  32  4:30  Overlord  
  33  4:36  Drone  
  34  4:43  Drone  
  35  4:50  Drone  
  36  4:56  Extractor  
  36  4:57  Drone  
  36  5:05  Drone, Extractor  
  36  5:12  Drone  
  36  5:14  Mutalisk  
  37  5:19  Drone  
  40  5:26  Drone  
  41  5:32  Overlord  
  41  5:33  Drone  
  39  5:41  Drone  
  38  5:43  Overseer  
  38  5:48  Drone  
  38  5:49  Queen  
  37  5:51  Roach, Overlord  
  37  5:55  Drone  
  37  6:02  Drone  
  34  6:09  Drone  
  25  6:20  Roach  
  27  6:31  Drone  
  25  6:49  Overseer  
  24  6:56  Drone  
Tags
 
Add a new tag
Caveats
  • Supply blocks, unpowered buildings, or Contaminate may cause inaccurate times.
  • Supply counts are checked every 10 seconds.